[Event "Live Chess"]
[Site "Chess.com"]
[Date "2021.04.28"]
[Round "6"]
[White "ahyanzaman"]
[Black "swimgrass"]
[Result "0-1"]
[CurrentPosition "4r1k1/3qr1p1/1p2p1bp/p1p5/3N1Q2/2P1RP2/PP4PP/3R2K1 w - -"]
[Timezone "UTC"]
[ECO "C01"]
[ECOUrl "https://www.chess.com/openings/French-Defense-Exchange-Variation-3...exd5-4.Nf3-Nf6"]
[UTCDate "2021.04.28"]
[UTCTime "03:02:29"]
[WhiteElo "1699"]
[BlackElo "1363"]
[TimeControl "2100+2"]
[Termination "swimgrass won by resignation"]
[StartTime "03:02:29"]
[EndDate "2021.04.28"]
[EndTime "03:45:58"]
[Link "https://www.chess.com/game/live/13317752363"]

1. e4 e6 2. d4 d5 3. exd5 exd5 4. Nf3 Nf6 5. Bg5 Be7 6. Bd3 Bg4 7. O-O O-O 8. Re1 Nc6 9. c3 Re8 10. Nbd2 Qd7 11. Qc2 h6 12. Bh4 a6 13. Nb3 b6 14. Ne5 Nxe5 15. dxe5 Ne4 16. Bxe7 Rxe7 17. Bxe4 dxe4 18. Qxe4 Rae8 19. f3 Bf5 20. Qd4 Qc6 21. Qf4 Bg6 22. Nd4 Qd7 23. Rad1 a5 24. Re3 c5 25. e6 fxe6 0-1

[Event "Live Chess"]
[Site "Chess.com"]
[Date "2021.04.28"]
[Round "6"]
[White "SunnyCountry"]
[Black "andrewaballantyne"]
[Result "1-0"]
[CurrentPosition "8/1p6/5ppk/p7/P7/1qP4P/4Q1P1/3QK3 w - -"]
[Timezone "UTC"]
[ECO "C53"]
[ECOUrl "https://www.chess.com/openings/Giuoco-Piano-Game-Main-Line-Giuoco-Pianissimo-Variation"]
[UTCDate "2021.04.28"]
[UTCTime "03:02:30"]
[WhiteElo "1197"]
[BlackElo "1227"]
[TimeControl "2100+2"]
[Termination "SunnyCountry won by resignation"]
[StartTime "03:02:30"]
[EndDate "2021.04.28"]
[EndTime "03:51:51"]
[Link "https://www.chess.com/game/live/13317752737"]

1. e4 e5 2. Nf3 Nc6 3. Bc4 Bc5 4. c3 Nf6 5. d3 O-O 6. O-O d6 7. a4 a5 8. Nbd2 Be6 9. h3 d5 10. exd5 Bxd5 11. Bxd5 Qxd5 12. Nb3 Bb6 13. Qc2 e4 14. dxe4 Nxe4 15. Be3 Bxe3 16. fxe3 Rad8 17. Rad1 Qc4 18. Nfd4 Ng3 19. Rf3 Nxd4 20. Nxd4 c5 21. Rxg3 cxd4 22. Rxd4 Rxd4 23. exd4 Re8 24. Qd1 Qa2 25. b3 Qb2 26. d5 g6 27. d6 Kf8 28. d7 Rd8 29. Qd6+ Kg7 30. Qe7 Qc1+ 31. Kh2 h5 32. Qxd8 Qf4 33. Qe7 h4 34. Qe3 hxg3+ 35. Qxg3 Qd2 36. Qe5+ f6 37. Qe7+ Kh6 38. d8=Q Qf4+ 39. Kg1 Qc1+ 40. Kf2 Qc2+ 41. Qe2 Qf5+ 42. Kg3 Qg5+ 43. Kf2 Qf5+ 44. Ke1 Qb1+ 45. Qdd1 Qxb3 1-0

[Event "Live Chess"]
[Site "Chess.com"]
[Date "2021.04.28"]
[Round "6"]
[White "echecsmike"]
[Black "night_breeze"]
[Result "1-0"]
[CurrentPosition "8/p3P2k/1p6/2p3pp/4p2b/1P2P3/PB5P/6K1 b - -"]
[Timezone "UTC"]
[ECO "D04"]
[ECOUrl "https://www.chess.com/openings/Colle-System-Anti-Colle-Variation"]
[UTCDate "2021.04.28"]
[UTCTime "03:02:24"]
[WhiteElo "1446"]
[BlackElo "963"]
[TimeControl "2100+2"]
[Termination "echecsmike won by resignation"]
[StartTime "03:02:24"]
[EndDate "2021.04.28"]
[EndTime "04:01:53"]
[Link "https://www.chess.com/game/live/13317753055"]

1. d4 d5 2. Nf3 Nf6 3. e3 Bf5 4. c4 e6 5. Qb3 b6 6. Ne5 Bd6 7. Qa4+ Nfd7 8. cxd5 exd5 9. Nxd7 Qxd7 10. Bb5 c6 11. Be2 O-O 12. O-O Qc7 13. g3 Bh3 14. Re1 Nd7 15. Nd2 Nf6 16. Qc2 Rfe8 17. Bd3 c5 18. Nf3 Ne4 19. b3 h5 20. Bb2 g5 21. Nd2 f5 22. f3 Bxg3 23. Nxe4 fxe4 24. fxe4 dxe4 25. Bc4+ Kh7 26. Re2 Bh4 27. Bd5 Bf5 28. Bxa8 Rxa8 29. d5 Rf8 30. Rd2 Kh6 31. d6 Qf7 32. Rf1 Qd7 33. Rd5 Kg6 34. Qc3 Rf7 35. Rfxf5 Rxf5 36. Rxf5 Kxf5 37. Qe5+ Kg6 38. Qf6+ Kh7 39. Qe7+ Qxe7 40. dxe7 1-0

[Event "Live Chess"]
[Site "Chess.com"]
[Date "2021.04.28"]
[Round "6"]
[White "Bruce_Hedman"]
[Black "Mateojackson"]
[Result "0-1"]
[CurrentPosition "6k1/5p1p/3p1qp1/4p3/7P/5N2/2r1N1P1/5K2 w - e6"]
[Timezone "UTC"]
[ECO "A57"]
[ECOUrl "https://www.chess.com/openings/Benko-Gambit"]
[UTCDate "2021.04.28"]
[UTCTime "03:02:31"]
[WhiteElo "1035"]
[BlackElo "1305"]
[TimeControl "2100+2"]
[Termination "Mateojackson won on time"]
[StartTime "03:02:31"]
[EndDate "2021.04.28"]
[EndTime "03:53:16"]
[Link "https://www.chess.com/game/live/13317753413"]

1. d4 Nf6 2. c4 c5 3. d5 b5 4. b3 g6 5. Bb2 bxc4 6. bxc4 Bg7 7. Nf3 Qb6 8. Qb3 d6 9. Nbd2 Bf5 10. Nh4 Bd7 11. Rb1 O-O 12. e4 Qa5 13. Bd3 Na6 14. Bc3 Nb4 15. Bxb4 cxb4 16. Qxb4 Qxa2 17. Rb2 Qa1+ 18. Nb1 Nxe4 19. Bxe4 Qxb2 20. Qxb2 Bxb2 21. O-O Rab8 22. Nf3 Bg7 23. Rc1 Rfc8 24. h3 Bb2 25. Rc2 Ba4 26. Re2 Rxc4 27. Bd3 Rc1+ 28. Kh2 Bb5 29. Rxb2 Rc5 30. Bxb5 Rcxb5 31. Rxb5 Rxb5 32. Nc3 Rc5 33. Ne4 Rxd5 34. h4 a5 35. Ned2 a4 36. Nc4 Rc5 37. Na3 Rc3 38. Nb5 Rb3 39. Nbd4 Rb4 40. Nc2 Rb2 41. Na3 Rxf2 42. Kg1 Ra2 43. Nb1 a3 44. Nc3 Rb2 45. Na4 Rb1+ 46. Kf2 a2 47. Nc3 Rb2+ 48. Kf1 a1=Q+ 49. Ne1 Rc2 50. Ne2 Qf6+ 51. Nf3 e5 0-1

[Event "Live Chess"]
[Site "Chess.com"]
[Date "2021.04.28"]
[Round "6"]
[White "Bonaparte1984"]
[Black "Charvii"]
[Result "0-1"]
[CurrentPosition "8/2pk1p2/8/1p2PNp1/1N1P3p/2P4K/8/4r3 w - -"]
[Timezone "UTC"]
[ECO "C68"]
[ECOUrl "https://www.chess.com/openings/Ruy-Lopez-Opening-Morphy-Defense-Exchange-Variation-4...dxc6"]
[UTCDate "2021.04.28"]
[UTCTime "03:02:27"]
[WhiteElo "1280"]
[BlackElo "984"]
[TimeControl "2100+2"]
[Termination "Charvii won on time"]
[StartTime "03:02:27"]
[EndDate "2021.04.28"]
[EndTime "04:15:06"]
[Link "https://www.chess.com/game/live/13317753703"]

1. e4 e5 2. Nf3 Nc6 3. Bb5 a6 4. Bxc6 dxc6 5. h3 Bc5 6. d3 Bd6 7. Nbd2 b5 8. Nb3 Be6 9. Be3 Qe7 10. O-O Nf6 11. Na5 Qd7 12. Nb7 O-O 13. Nc5 Qe7 14. b4 a5 15. a3 Rfb8 16. Ng5 Bc8 17. f4 exf4 18. Rxf4 Bxf4 19. Bxf4 axb4 20. d4 bxa3 21. Be5 h6 22. Bxf6 Qxf6 23. Nf3 Qg6 24. Ne5 Qg3 25. Nxc6 Bxh3 26. Qf3 Qxf3 27. gxf3 Rb6 28. Ne7+ Kf8 29. Nd5 Rg6+ 30. Kh2 Bg2 31. Nf4 Rf6 32. Nxg2 Rxf3 33. Nd7+ Ke7 34. Ne5 Rf2 35. c3 a2 36. Nc6+ Kd6 37. Nb4 Rb2 38. e5+ Kd7 39. Kg3 Rb1 40. Rxa2 Rxa2 41. Nxa2 Ra1 42. Nb4 g5 43. Ne3 h5 44. Ned5 h4+ 45. Kg2 Rd1 46. Ne3 Rd2+ 47. Kh3 Re2 48. Nf5 Re1 0-1

[Event "Live Chess"]
[Site "Chess.com"]
[Date "2021.04.28"]
[Round "6"]
[White "radio_on"]
[Black "ComfyQueso"]
[Result "1-0"]
[CurrentPosition "5k2/ppb1N2p/2p5/3n2p1/2BP4/2P3P1/PP1B1P1P/6K1 w - -"]
[Timezone "UTC"]
[ECO "C00"]
[ECOUrl "https://www.chess.com/openings/French-Defense-Kings-Indian-Attack-2...d5-3.Nd2"]
[UTCDate "2021.04.28"]
[UTCTime "03:02:43"]
[WhiteElo "1458"]
[BlackElo "811"]
[TimeControl "2100+2"]
[Termination "radio_on won by resignation"]
[StartTime "03:02:43"]
[EndDate "2021.04.28"]
[EndTime "03:27:13"]
[Link "https://www.chess.com/game/live/13317754797"]

1. e4 e6 2. d3 d5 3. Nd2 Nc6 4. Ngf3 Bb4 5. c3 Ba5 6. g3 Nge7 7. Bg2 e5 8. exd5 Nxd5 9. O-O Bg4 10. Qe1 O-O 11. Nxe5 Re8 12. Nxc6 Rxe1 13. Nxd8 Rxf1+ 14. Bxf1 Rxd8 15. d4 Re8 16. Nc4 Bb6 17. Bf4 c6 18. Bd2 Bf3 19. Ne5 f6 20. Nxf3 Bc7 21. Bg2 Re2 22. Bf1 Re4 23. Bd3 Re8 24. Bc4 Bd6 25. Re1 Rf8 26. Re6 Rd8 27. Nh4 g5 28. Nf5 Bc7 29. Rxf6 Rf8 30. Ne7+ Kg7 31. Rxf8 Kxf8 1-0